 Dungeon Crawl Stone Soup version 0.21-a0-264-g3e31e41 (console) character file.

154 removed the Conjurer (level 4, -3/33 HPs)
             Began as a Demigod Conjurer on Sept 8, 2017.
             Slain by an orc
             ... wielding a +0 trident
              (6 damage)
             ... on level 3 of the Dungeon.
             The game lasted 00:05:52 (3147 turns).

removed the Conjurer (Demigod Conjurer)             Turns: 3147, Time: 00:05:53

Health: -3/33      AC:  3    Str: 11    XL:     4   Next: 88%
Magic:  1/9        EV: 12    Int: 18    God:
Gold:   189        SH:  0    Dex: 16    Spells: 3/6 levels left

rFire    . . .     SeeInvis .   g - +1 club
rCold    . . .     Gourm    .   (no shield)
rNeg     . . .     Faith    .   a - +1 robe
rPois    .         Spirit   .   (no helmet)
rElec    .         Reflect  .   (no cloak)
rCorr    .         Harm     .   (no gloves)
MR       .....     Rnd*Tele +   (no boots)
Stlth    ++........             k - amulet of inaccuracy (curse)
HPRegen  0.11/turn              l - -3 ring of intelligence (curse)
MPRegen  0.11/turn              o - ring of teleportation (curse)

@: very slightly contaminated
A: high mp 1
a: no special abilities


You were on level 3 of the Dungeon.
You were not hungry.

You visited 1 branch of the dungeon, and saw 3 of its levels.

You collected 189 gold pieces.

Inventory:

Hand Weapons
 g - a +1 club (weapon)
Armour
 a - a +1 robe (worn)
Jewellery
 k - a cursed amulet of inaccuracy (around neck)
 l - a cursed -3 ring of intelligence (left hand)
 o - a cursed ring of teleportation (right hand)
Scrolls
 j - 2 scrolls of teleportation
Potions
 i - a potion of lignification
 p - a potion of degeneration {unknown}
 r - a potion of heal wounds {unknown}
 t - a potion of mutation {unknown}
 v - 2 potions of berserk rage
 w - a potion of curing {unknown}
Books
 b - a book of Conjurations

   Spells                             Type                      Level
   a - Magic Dart                     Conjuration                  1
   b - Searing Ray                    Conjuration                  2
   c - Dazzling Spray                 Conjuration/Hexes            3
   d - Fulminant Prism                Conjuration/Hexes            4
   e - Force Lance                    Conjuration/Translocation    4
   f - Iskenderun's Mystic Blast      Conjuration                  4
Comestibles
 c - 2 bread rations
 h - 2 meat rations
 m - 5 fruits
 n - a royal jelly


   Skills:
 - Level 1.7 Dodging
 - Level 1.7 Stealth
 - Level 1.7 Spellcasting
 + Level 5.9 Conjurations


You had 3 spell levels left.
You knew the following spells:

 Your Spells              Type           Power        Failure   Level  Hunger
a - Magic Dart            Conj           ###.         1%          1    #......
b - Searing Ray           Conj           ###...       2%          2    ###....


Dungeon Overview and Level Annotations

Branches:
Dungeon (3/15)


Innate Abilities, Weirdness & Mutations

You have an increased reservoir of magic. (+10% MP)


Message History

The orc is lightly wounded.
The orc closely misses you. The orc hits you but does no damage.
You closely miss the orc.
The orc is lightly wounded.
The orc misses you. The orc closely misses you. x2
You hit the orc.
The orc is heavily wounded.
The orc hits you from afar with a trident.
The orc barely misses you.
You miss the orc.
The orc is heavily wounded.
The orc hits you from afar with a trident.
* * * LOW HITPOINT WARNING * * *
The orc hits you but does no damage. The orc closely misses you.
You hit the orc but do no damage.
The orc is heavily wounded.
The orc hits you.
* * * LOW HITPOINT WARNING * * *
The orc hits you from afar with a trident.
You die...

#.# #.#.....'....'..####
##.######.#..####....##.....
#.........#..##########.....
###########.........# #.....
#................# #.....
#.######.........# #.....
#................# ######
########.........#
#@######### #o# #o# #.# #.#
#.#.## #'# #.#.#. ... #.#.#.
#.... #.#.#. #....o #.#.#.
+...... #.#.##


You could see 2 orcs.

Vanquished Creatures
  Terence (D:2)
  A gnoll (D:2)
  2 adders
  2 oozes (D:2)
  2 worms
  2 dart slugs (D:1)
  4 leopard geckos
  3 orcs (D:3)
  7 bats
  7 giant cockroaches
  11 goblins
  8 hobgoblins
  2 jackals (D:2)
  2 quokkas
  2 frilled lizards (D:1)
  5 kobolds
  A quokka zombie (D:3)
  8 rats
70 creatures vanquished.

Notes
Turn   | Place    | Note
-------+----------+-------------------------------------------
     0 | D:1      | removed the Demigod Conjurer began the quest for the Orb.
     0 | D:1      | Reached XP level 1. HP: 14/14 MP: 5/5
   247 | D:1      | Reached skill level 4 in Conjurations
   352 | D:1      | Reached XP level 2. HP: 20/20 MP: 1/7
   909 | D:1      | Reached XP level 3. HP: 23/26 MP: 1/8
  1152 | D:1      | Learned a level 2 spell: Searing Ray
  1580 | D:2      | Reached skill level 5 in Conjurations
  1758 | D:2      | Reached XP level 4. HP: 33/33 MP: 2/9
  1945 | D:2      | Noticed Terence
  2318 | D:2      | Killed Terence
  3147 | D:3      | Slain by an orc

Vault maps used:
D:1:      shiori_arrival_maze, hex_medium, st_stairs_14
D:2:      first_bread, minmay_misc_feat_pillars, uniq_terence
D:3:      makhleb_blood_cavern_becter

Skill      XL: |  1  2  3 |
---------------+----------+-----
Conjurations   | 4 5 |  5.9
Dodging        | |  1.7
Stealth        | |  1.7
Spellcasting   | |  1.7

Action                   |  1- 3 |  4- 6 || total
-------------------------+-------+-------++-------
Melee: Unarmed           |     1 |       ||     1
       Club              |       |     8 ||     8
 Cast: Magic Dart        |   102 |    41 ||   143
       Searing Ray       |     2 |     5 ||     7
  Use: Scroll            |     6 |     2 ||     8
  Eat: Chunk             |     4 |     6 ||    10
Armor: Robe              |     5 |     3 ||     8
Dodge: Dodged            |    10 |    38 ||    48

Table legend:
 A = Spawn XP
 B = Non-spawn XP
 C = Spawn XP percentage of total XP
 D = Spawn monster count
 E = Non-spawn monster count
 F = Spawn count percentage of total count
 G = Total turns spent on level
                    A         B        C        D         E        F      G
               +---------+---------+-------+---------+---------+-------+---------
         Total |       0 |     220 |   0.0 |       0 |      70 |   0.0 |  3147
               +---------+---------+-------+---------+---------+-------+---------
           D:1 |       0 |      58 |   0.0 |       0 |      32 |   0.0 |  1566
           D:2 |       0 |     122 |   0.0 |       0 |      26 |   0.0 |  1162
           D:3 |       0 |      40 |   0.0 |       0 |      12 |   0.0 |   419
               +---------+---------+-------+---------+---------+-------+---------
